 Dungeon Crawl Stone Soup version 0.27-a0-1378-gdefffd1ff6 (webtiles) character file.

Game seed: 9977841082879121567

451 Kold the Bolt Thrower (level 7, -2/43 HPs)
             Began as a Kobold Hunter on June 29, 2021.
             Was an Initiate of Hepliaklqana.
             Succumbed to a water moccasin's poison
             ... on level 5 of the Dungeon.
             The game lasted 00:07:04 (5881 turns).

Kold the Bolt Thrower (Kobold Hunter)               Turns: 5881, Time: 00:07:05

Health: -2/43      AC:  6    Str: 10    XL:     7   Next: 25%
Magic:  7/7        EV: 15    Int: 12    God:    Hepliaklqana [......]
Gold:   176        SH:  0    Dex: 17    Spells: 6/6 levels left

rFire    . . .     SeeInvis .   a - +1 hand crossbow
rCold    . . .     Faith    .   (shield restricted)
rNeg     . . .     Spirit   .   c - +0 leather armour
rPois    .         Reflect  .   (no helmet)
rElec    .         Harm     .   p - +0 cloak
rCorr    .         Rampage  .   g - +0 pair of gloves
Will     .....                  m - +0 pair of boots
Stlth    ++++......             (no amulet)
HPRegen  0.14/turn              (no ring)
MPRegen  0.10/turn              (no ring)

@: lethally poisoned (-2 -> -40), studying Ice Magic
A: small, no large weapons, nightstalker 3, deterioration 1
a: Renounce Religion


You were on level 5 of the Dungeon.
You worshipped Hepliaklqana.
Hepliaklqana was noncommittal.
You visited 2 branches of the dungeon, and saw 6 of its levels.

You collected 176 gold pieces.

Inventory:

Hand Weapons
 a - a +1 hand crossbow (weapon)
 t - a +1 mace of protection
Missiles
 d - 12 bolts (quivered ammo)
 f - 4 atropa-tipped darts
Armour
 c - a +0 leather armour (worn)
 g - a +0 pair of gloves (worn)
 m - a +0 pair of boots (worn)
 p - a +0 cloak (worn)
 z - the +1 ring mail of Finwif {rN++ Str-4 Slay+3 Stlth-}
   (You found it on level 5 of the Dungeon)

   Str:       It affects your strength (-4).
   Slay:      It affects your accuracy & damage with ranged weapons and melee
   (+3).
   rN:        It greatly protects you from negative energy.
   Stlth:     It makes you less stealthy.
Jewellery
 w - a ring of fire
Scrolls
 j - 6 scrolls of identify {unknown}
 k - a scroll of summoning {unknown}
 l - a scroll of vulnerability {unknown}
 o - 2 scrolls of enchant weapon {unknown}
 q - a scroll of amnesia {unknown}
 s - a scroll of magic mapping {unknown}
 y - a scroll of enchant armour {unknown}
Potions
 b - a potion of brilliance {unknown}
 e - a potion of mutation
 h - 3 potions of lignification {unknown}
 i - a potion of haste {unknown}
 n - a potion of curing {unknown}
 r - a potion of degeneration {unknown}
 u - a potion of berserk rage {unknown}
 v - a potion of attraction {unknown}
 x - a potion of flight {unknown}


   Skills:
 - Level 4.0 Fighting
 * Level 7.3 Crossbows
 - Level 4.0 Dodging
 + Level 5.0 Stealth


You had 6 spell levels left.
You didn't know any spells.
Your spell library was empty.

Dungeon Overview and Level Annotations

Branches:
Dungeon (5/15)             Temple (1/1) D:5

Altars:
Cheibriados
Dithmenos
Elyvilon
Fedhas
Gozag
Hepliaklqana
Kikubaaqudgha
Okawaru
Qazlal
Ru
Sif Muna
Vehumet
Wu Jian
Xom
Zin


Innate Abilities, Weirdness & Mutations

You are small and have problems with some larger weapons.
You are completely attuned to the shadows.
Your body sometimes deteriorates upon taking damage.


Message History

The bolt closely misses the water moccasin.
The water moccasin bites you.
The water moccasin completely misses you.
You shoot a bolt.
The bolt closely misses the water moccasin.
The water moccasin bites you.
You are poisoned.
The water moccasin poisons you!
You shoot a bolt. The bolt hits the water moccasin!
The water moccasin is moderately wounded.
You feel very sick. The water moccasin bites you.
You are more poisoned.
The water moccasin poisons you! The water moccasin closely misses you.
You shoot a bolt.
The bolt hits the water moccasin but does no damage.
The water moccasin is moderately wounded.
You feel extremely sick. The water moccasin bites you.
You are more poisoned.
The water moccasin poisons you!
You shoot a bolt. The bolt hits the water moccasin!
The water moccasin is severely wounded.
You feel extremely sick. The water moccasin barely misses you.
The water moccasin closely misses you.
You are too injured to fight recklessly!
Fire: 13 bolts
Press: ? - help, Q - select action, (/) - cycle Shift-Dir - straight line, f/p - water moccasin
Aim: a water moccasin (severely wounded, 55% to hit)
You shoot a bolt.
The bolt closely misses the water moccasin.
* * * LOW HITPOINT WARNING * * *
You feel extremely sick. The water moccasin bites you.
* * * LOW HITPOINT WARNING * * *
You are more poisoned.
The water moccasin poisons you! The water moccasin misses you.
It was a potion of mutation.
You feel extremely strange.
You feel yourself wasting away.
You feel clumsy.
You feel agile.
You die...

#.......##### #######+
#.......# #....... +.......#
#....... #.......# ......
#....... #.......#
(..(##.....##.......
#.......#...#
...##.)...##.......
.......#...# (.##(....##.......
......+...####S##...[.##.......
#.......@................
#######........####'####.......
#....##...##...##.....##.......
#.<..##...##...................
#.........##...##.....########'
#.........##+####.....##.......
#..............................
#..............................
#..............................


You could see a water moccasin.

Vanquished Creatures
  Eustachio (D:4)
  A bullfrog (D:4)
  A howler monkey (D:4)
  An orc priest (D:5)
  A hound skeleton (D:4)
  A howler monkey zombie (D:5)
  7 adders
  A white imp (D:5)
  An adder zombie (D:4)
  2 worms
  A dart slug (D:2)
  7 orcs
  2 ball pythons (D:1)
  8 bats
  2 endoplasms (D:1)
  2 giant cockroaches
  5 goblins
  10 hobgoblins
  4 jackals (D:3)
  11 kobolds
  5 quokkas
  5 frilled lizards
  6 rats
85 creatures vanquished.

Vanquished Creatures (others)
  4 plants (D:3)
4 creatures vanquished.

Grand Total: 89 creatures vanquished

Notes
Turn   | Place    | Note
-------+----------+-------------------------------------------
     0 | D:1      | Kold the Kobold Hunter began the quest for the Orb.
     0 | D:1      | Reached XP level 1. HP: 12/12 MP: 1/1
   185 | D:1      | Reached XP level 2. HP: 15/18 MP: 2/2
   191 | D:1      | Reached skill level 5 in Crossbows
   810 | D:1      | Reached XP level 3. HP: 22/22 MP: 3/3
  1585 | D:2      | Reached XP level 4. HP: 27/27 MP: 4/4
  1605 | D:2      | Found a faded altar of an unknown god.
  1959 | D:2      | Became a worshipper of Sif Muna the Loreminder
  1959 | D:2      | Reached * piety under Sif Muna
  1960 | D:2      | Fell from the grace of Sif Muna
  2506 | D:3      | Reached XP level 5. HP: 28/32 MP: 5/5
  2981 | D:4      | Noticed a bullfrog
  2984 | D:4      | Killed a bullfrog
  2985 | D:4      | Reached skill level 6 in Crossbows
  3003 | D:4      | Reached XP level 6. HP: 23/37 MP: 6/6
  3732 | D:4      | Noticed Eustachio
  3745 | D:4      | Killed Eustachio
  3746 | D:4      | Reached skill level 7 in Crossbows
  3746 | D:4      | Reached XP level 7. HP: 21/43 MP: 7/7
  4578 | D:4      | Found a blossoming altar of Fedhas.
  4926 | D:5      | Entered Level 5 of the Dungeon
  4995 | D:5      | Identified the +1 ring mail of Finwif {rN++ Str-4 Slay+3
                  | Stlth-}
  4998 | D:5      | Found a staircase to the Ecumenical Temple.
  5220 | Temple   | Entered the Ecumenical Temple
  5354 | Temple   | Became a worshipper of Hepliaklqana the Forgotten
  5397 | D:5      | Reached skill level 5 in Stealth
  5868 | D:5      | Noticed a water moccasin
  5881 | D:5      | Gained mutation: Your body sometimes deteriorates upon
                  | taking damage. [potion of mutation]
  5881 | D:5      | Gained mutation: You are clumsy. (Dex -2) [potion of
                  | mutation]
  5881 | D:5      | Lost mutation: You are clumsy. (Dex -2) [potion of
                  | mutation]
  5881 | D:5      | Succumbed to a water moccasin's poison

Illustrated notes

Levels and vault maps discovered:
D:1:      evilmike_arrival_crescent, layout_basic, minmay_vboxes
D:2:      layout_loops_ring, basic_ecumenical_altar, kennysheep_generic_room_5
D:3:      layout_rooms, minmay_fountain_box, roderic_serpentine_path,
          grunt_ministairs_12, minmay_misc_feat_chi, lexackson_kobold_supper
D:4:      layout_loops_corners, tgw_fedhas, kennysheep_minor_cross,
          chequers_serial_rivers_micro_e, nrook_mini_backslash, nrook_campfire,
          minmay_manual_macuahuitl, uniq_crazy_yiuf_cottage, uniq_eustachio
D:5:      layout_gridville, minmay_temple_entry_proselytizer,
          hangedman_decor_diamond_cutter, hangedman_decor_growths
Temple:   zaba_magenta_temple

Skill      XL: |  1  2  3  4  5  6  7 |
---------------+----------------------+-----
Crossbows      | 5 6 7 |  7.3
Stealth        | 2 3 4 5 |  5.0
Dodging        | 3 4 |  4.0
Fighting       | 3 4 |  4.0

Action                   |  1- 3 |  4- 6 |  7- 9 || total
-------------------------+-------+-------+-------++-------
Melee: Mace              |       |    29 |       ||    29
 Fire: Hand crossbow     |    64 |   142 |    41 ||   247
Invok: Renounce Religion |       |     1 |       ||     1
  Use: Potion            |       |       |     1 ||     1
Armor: Leather armour    |    10 |    37 |     6 ||    53
Dodge: Dodged            |    50 |   136 |    20 ||   206

Table legend: (Time is in decaauts)
 A = Elapsed time spent in this place.
 B = Non-inter-level travel time spent in this place.
 C = Inter-level travel time spent in this place.
 D = Time resting spent in this place.
 E = Time spent auto-exploring this place.
 F = Levels seen in this place.
 G = Mean time per level.
                   A        B        C        D        E       F      G
               +--------+--------+--------+--------+--------+-----+--------+
         Total |   5953 |   5662 |    291 |   1247 |   3695 |   6 |  992.2 |
       Dungeon |   5812 |   5540 |    272 |   1247 |   3621 |   5 | 1162.4 |
        Temple |    140 |    121 |     19 |      0 |     74 |   1 |  140.0 |
               +--------+--------+--------+--------+--------+-----+--------+

Top non-repeatable levels by time:
     D:4: 2294 daAuts
     D:2: 1024 daAuts
     D:1: 1006 daAuts
     D:3: 957 daAuts
     D:5: 529 daAuts
  Temple: 140 daAuts
